cohdb
Replays
Latest Replays
All Replays
Popular Replays
Top Player Replays
Match Explorer
How It Works
Community
CoH3 Stats
Reddit
Sign in to upload your games and track your stats! →
Sign in with Steam
Match 38439661
Unlisted
Match 38439661
Overview
Messages
Build Orders
End
Panzergrenadier Squad
Selects Italian Infantry
250 Light Carrier
Panzerpioneer Squad
Construct Light Support Kompanie
Selects Defensive Operations
Combat Half-tracks
Fire Support Elements
Advanced Field Repairs
Pak 38 Mechanized Group
Flakvierling Half-track
Panzerpioneer Squad
Pak 38 Anti-tank Gun Team
Selects Prepared Positions
Panzerpioneer Squad
Construct Panzerarmee Kommand
Flak 36 Anti-tank Gun Team
鲜榨果汁
kenleung
SAS
Komrad Dyatlov
pagep
Mr.Larry.Mx
npy
WT
0
0
Comments
sign in to comment!
No comments posted yet!